 Dungeon Crawl Stone Soup version 0.28-a0-657-g71136c5590 (webtiles) character file.

Game seed: 16401124504557097963

83108 Johnny the Warrior (level 15, -2/154 (155) HPs)
             Began as a Black Draconian Ice Elementalist on Oct 13, 2021.
             Was a High Priest of Sif Muna.
             Succumbed to a death drake's foul vapour
             ... in a Gauntlet.
             The game lasted 00:42:58 (34437 turns).

Johnny the Warrior (DrIE)                          Turns: 34437, Time: 00:42:59

HP:   -2/154 (155)  AC: 13    Str: 15    XL:     15   Next: 31%
MP:   18/30         EV: 14    Int: 30    God:    Sif Muna [*****.]
Gold: 2097          SH:  0    Dex: 13    Spells: 25/36 levels left

rFire   . . .      SeeInvis .   R - +6 quarterstaff (spect)
rCold   . . .      Faith    .   (shield currently unavailable)
rNeg    . . .      Spirit   .   (armour unavailable)
rPois   +          Reflect  .   a - +0 hat of Pathos {rPois Str+4}
rElec   +          Harm     .   N - +1 cloak
rCorr   .          Rampage  .   L - +0 pair of gloves
Will    ++...      NoTele   +   h - +0 pair of boots
Stlth   ++........              G - amulet of the acrobat
HPRegen 0.35/turn               o - +6 ring of intelligence
MPRegen 0.22/turn               O - ring of Touhut {rElec Will+ Int+4}

@: lethally poisoned (-2 -> -49), flying, slowed, lightly drained, very slow
A: breathe lightning, AC +9, unfitting armour, big wings, electricity
resistance, cold-blooded
a: Breathe Lightning, Renounce Religion, Channel Magic, Forget Spell, Divine
Exegesis


You were in a Gauntlet.
You worshipped Sif Muna.
Sif Muna was extremely pleased with you.
You visited 4 branches of the dungeon, and saw 23 of its levels.
You also visited: Sewer, Bailey, Gauntlet and Volcano.

You collected 2878 gold pieces.
You spent 781 gold pieces at shops.

Inventory:

Hand Weapons
 g - the +8 spear "Fositzo" {freeze, Str+2 SInv}
   (You found it on level 13 of the Dungeon)

   It freezes those it strikes, dealing additional cold damage.
   It can also slow down cold-blooded creatures.
   Str:       It affects your strength (+2).
   SInv:      It lets you see invisible.
 Q - the +7 mace "Vawkuu" {venom, *Noise rC++ Str+3 Int+4}
   (You found it on level 9 of the Dungeon)

   It poisons the flesh of those it strikes.
   Str:       It affects your strength (+3).
   Int:       It affects your intelligence (+4).
   rC:        It greatly protects you from cold.
   *Noise:    It may make noises in combat.
 R - a +6 spectral quarterstaff (weapon)
Armour
 a - the +0 hat of Pathos (worn) {rPois Str+4}
   (You acquired it on level 10 of the Dungeon)

   Str:       It affects your strength (+4).
   rPois:     It protects you from poison.
 h - a +0 pair of boots (worn)
 D - the +0 kite shield "Ybbimury" {Str+4}
   (You bought it in a shop on level 3 of the Dungeon)

   Str:       It affects your strength (+4).
 L - a +0 pair of gloves (worn)
 M - a +0 buckler
 N - a +1 cloak (worn)
 Z - a scarf of harm
Jewellery
 o - a +6 ring of intelligence (left hand)
 t - a +4 ring of protection
 w - the amulet of the Kangaroo {Reflect Harm SH+5}
   (You found it on level 6 of the Lair of Beasts)

   [amulet of reflection]

   It reflects blocked missile attacks.
   SH:        It affects your SH (+5).
   Harm:      It increases damage dealt and taken.
 G - an amulet of the acrobat (around neck)
 O - the ring of Touhut (right hand) {rElec Will+ Int+4}
   (You found it on level 9 of the Dungeon)

   [ring of willpower]

   Int:       It affects your intelligence (+4).
   rElec:     It insulates you from electricity.
   Will:      It increases your willpower.
 S - a ring of poison resistance
 Y - an amulet of magic regeneration
Wands
 n - a wand of polymorph (7)
 F - a wand of charming (7)
 J - a wand of digging (3)
 W - a wand of paralysis (5)
Scrolls
 b - 10 scrolls of teleportation
 c - 3 scrolls of vulnerability
 d - 3 scrolls of blinking
 i - 4 scrolls of brand weapon
 j - 2 scrolls of fog
 k - 3 scrolls of silence
 m - a scroll of amnesia
 q - 2 scrolls of immolation
 s - a scroll of fear
 y - 2 scrolls of torment
 A - a scroll of summoning
 B - 3 scrolls of magic mapping
 E - 4 scrolls of noise
 H - 4 scrolls of enchant armour
Potions
 e - 4 potions of mutation
 f - 2 potions of magic
 l - 4 potions of lignification
 p - a potion of heal wounds
 r - 3 potions of might
 u - 3 potions of resistance {unknown}
 v - 2 potions of haste
 x - 4 potions of ambrosia
 z - 4 potions of flight
 C - 3 potions of curing
 I - 7 potions of brilliance
 K - a potion of attraction {unknown}
 P - 2 potions of degeneration {unknown}
Miscellaneous
 U - a lightning rod (4/4)


   Skills:
 + Level 19.9 Fighting
 - Level 6.1 Dodging
 - Level 1.7 Stealth
 + Level 15.2 Shields
 + Level 11.4 Spellcasting
 + Level 12.8 Ice Magic
 - Level 6.8 Invocations


You had 25 spell levels left.
You knew the following spells:

 Your Spells              Type           Power      Damage    Failure   Level
a - Freeze                Ice            100%       1d11      0%          1
b - Frozen Ramparts       Ice            100%       1d12      1%          3
c - Ozocubu's Armour      Ice            76%        N/A       1%          3
f - Hailstorm             Conj/Ice       54%        3d12      2%          4

Your spell library contained the following spells:

 Spells                   Type           Power      Damage    Failure   Level
 Ensorcelled Hibernation  Hex/Ice        100%       N/A       1%          2
 Ice Form                 Ice/Tmut       54%        N/A       2%          4
 Summon Ice Beast         Ice/Summ       54%        N/A       2%          4
 Animate Skeleton         Necr           34%        N/A       3%          1
 Apportation              Tloc           34%        N/A       3%          1
 Foxfire                  Conj/Fire      68%        2x1d7     3%          1
 Magic Dart               Conj           68%        1d6       3%          1
 Pain                     Necr           68%        1d7       3%          1
 Shock                    Conj/Air       68%        1d7       3%          1
 Summon Small Mammal      Summ           68%        N/A       3%          1
 Call Imp                 Summ           17%        N/A       4%          2
 Passwall                 Tmut/Erth      14%        N/A       4%          2
 Scorch                   Fire           34%        2d7       4%          2
 Slow                     Hex            17%        N/A       4%          2
 Sublimation of Blood     Necr           8%         N/A       4%          2
 Metabolic Englaciation   Hex/Ice        27%        N/A       6%          5
 Call Canine Familiar     Summ           17%        N/A       9%          3
 Confusing Touch          Hex            17%        N/A       9%          3
 Conjure Flame            Conj/Fire      17%        6-21      9%          3
 Gell's Gravitas          Tloc           8%         N/A       9%          3
 Ignite Poison            Fire/Tmut/Pois 17%        N/A       9%          3
 Inner Flame              Hex/Fire       17%        N/A       9%          3
 Lesser Beckoning         Tloc           17%        N/A       9%          3
 Mephitic Cloud           Conj/Pois/Air  17%        N/A       9%          3
 Spider Form              Tmut/Pois      8%         N/A       9%          3
 Summon Guardian Golem    Hex/Summ       17%        N/A       9%          3
 Swiftness                Air            17%        N/A       9%          3
 Teleport Other           Tloc           17%        N/A       9%          3
 Vampiric Draining        Necr           8%         2d7       9%          3
 Freezing Cloud           Conj/Ice/Air   21%        6-21      14%         5
 Animate Dead             Necr           8%         N/A       30%         4
 Cause Fear               Hex            8%         N/A       30%         4
 Flame Wave               Conj/Fire      17%        3d5       30%         4
 Fulminant Prism          Conj/Hex       8%         3d7       30%         4
 Passage of Golubria      Tloc           N/A        N/A       30%         4
 Petrify                  Tmut/Erth      17%        N/A       30%         4
 Simulacrum               Ice/Necr       27%        N/A       32%         6
 Alistair's Intoxication  Tmut/Pois      11%        N/A       63%         5
 Irradiate                Conj/Tmut      8%         3d16      63%         5
 Lightning Bolt           Conj/Air       8%         1d21      63%         5
 Silence                  Hex/Air        8%         N/A       63%         5
 Summon Forest            Summ/Tloc      8%         N/A       63%         5
 Yara's Violent Unravell  Hex/Tmut       8%         3d5       63%         5
 Invisibility             Hex            8%         N/A       99%         6
 Statue Form              Tmut/Erth      11%        N/A       99%         6
 Summon Cactus Giant      Summ           8%         N/A       99%         6
 Dragon Form              Tmut           8%         N/A       100%        7
 Haunt                    Necr/Summ      8%         N/A       100%        7
 Malign Gateway           Summ/Tloc      8%         N/A       100%        7
 Infestation              Necr           8%         N/A       100%        8
 Lehudib's Crystal Spear  Conj/Erth      8%         10d4      100%        8
 Summon Horrible Things   Summ           8%         N/A       100%        8
 Dragon's Call            Summ           8%         N/A       100%        9
 Fire Storm               Conj/Fire      8%         8d2       100%        9
 Polar Vortex             Ice            38%        N/A       100%        9


Dungeon Overview and Level Annotations

Branches:
Dungeon (14/15)            Temple (1/1) D:6            Lair (6/6) D:11
 Shoals (0/4) Lair:2       Spider (0/4) Lair:3        Slime (0/5) Lair:6
    Orc (2/2) D:12            Elf (0/3) Orc:2        Vaults (0/5) D:13
  Sewer (visited)          Bailey (visited)         Volcano (visited)
Gauntlet (1/1)

Altars:
Ashenzari
Dithmenos
Elyvilon
Fedhas
Kikubaaqudgha
Makhleb
Nemelex Xobeh
Okawaru
Sif Muna
Trog
Uskayaw
Vehumet
Wu Jian
Xom
Yredelemnul
Zin
Beogh
Jiyva

Shops:
D:3 =![   D:6 *   Orc:2 [[=

Portals:
Trove: D:11 (give +4 demon whip)

Annotations:
D:3 3 runed translucent doors, NoKap's ghost, novice GnFi
D:10 2 transporters, Erica
D:12 2 transporters, 1994's ghost, journeyman VSNe
Lair:3 exclusion: oklob plant
Lair:6 1 runed translucent door Gauntlet 13 transporters, exclusion: ice statue


Innate Abilities, Weirdness & Mutations

You can breathe wild blasts of lightning.
Your glossy black scales are hard. (AC +9)
You cannot fit into any form of body armour.
Your large and strong wings let you fly.
You are resistant to electric shocks. (rElec)
You are cold-blooded and may be slowed by cold attacks.


Message History

The centaur warrior zombie hits you.
The centaur warrior zombie kicks you but does no damage.
Unknown command.
You closely miss the death drake.
You tail-slap the death drake, but do no damage.
The death drake is almost dead.
Your +6 spectral quarterstaff hits the death drake but does no damage.
You are engulfed in dark miasma.
You are more poisoned.
You feel yourself slow down.
* * * LOW HITPOINT WARNING * * *
x2 You feel extremely sick.
The meliai zombie misses you. The meliai zombie closely misses you.
The death drake closely misses your +6 spectral quarterstaff.
The centaur warrior zombie misses you.
The centaur warrior zombie barely misses you.
The meliai zombie is lost in a daze.
Unknown command.
You feel better.
You are engulfed in dark miasma.
You are poisoned.
* * * LOW HITPOINT WARNING * * *
x2 You feel extremely sick.
The meliai zombie barely misses you.
The meliai zombie hits you but does no damage.
The death drake bites you but does no damage.
The centaur warrior zombie barely misses you.
The centaur warrior zombie closely misses you.
The meliai zombie is lost in a daze.
The death drake breathes miasma at you. The foul vapour engulfs you!
You are lethally poisoned!
* * * LOW HITPOINT WARNING * * *
The centaur warrior zombie barely misses you. x2
The meliai zombie hits you but does no damage.
The meliai zombie hits you.
* * * LOW HITPOINT WARNING * * *
Blink to where?
Press: ? - help, Dir - move target
As you read the scroll of blinking, it crumbles to dust.
You die...

###.#.#######.#.###
#≈...............≈# # ###
####8..©.©.©.©.©.©..8#### # # #8#
#8##≈...............≈##8# #
#################################
.................≈∩≈.............
.................................
######.###########.###########.##
©.=..#.#$.≈?©..≈@#.#.....##W##.#J
...#.#.#.≈...≈.≈.#.#..###.##W#.#.
###..#.#.≈≈...≈..#.#.##W##.#.#.#.
.##b.#.#.≈.°Z°.≈.#.#.#.#.#.#.#.#.
©....#.#≈..°§°°§≈#.#.#.#©#.#.#.#.
.##..#.#≈.≈°Zk≈§.#.#W#.#.#.#.#.#.
###..#.#.≈.≈≈§§§.#.#W#W##.##.#.#.
...#.#.#.≈..≈..≈.#.#W##..##..#.#.
....s#.#..≈≈...≈.#.#W?##.....#.#.


You could see a death drake, 3 shadows, a centaur warrior zombie (dazed) and a
meliai zombie (dazed).

Vanquished Creatures
  Kirke (Lair:5)
  The ghost of Silenceoftheyaks the Earth Mage, a journeyman DDEE of Makhleb (Lair:6)
  An ironbound preserver (D:13)
  Nessos (Lair:6)
  A fire dragon (Volcano)
  Fannar (Lair:3)
  2 boulder beetles
  4 catoblepae
  A centaur warrior (Orc:2)
  7 hydras
  7 two-headed ogres
  A deep troll shaman (Lair:6)
  4 death yaks (Lair:6)
  A tengu warrior (D:13)
  A hell hog (Volcano)
  An orc high priest (Orc:2)
  Sonja (Lair:5)
  2 skeletal warriors (D:13)
  A lindwurm (Lair:5)
  An orc knight (Orc:2)
  A spectral wolf spider (Gauntlet)
  3 orc sorcerers
  4 ugly things
  A manticore (D:10)
  2 cyclopes
  6 elephants
  Joseph (D:10)
  7 black mambas
  17 cane toads
  4 gargoyles
  A torpor snail (Lair:6)
  An unseen horror (D:11)
  9 komodo dragons
  2 rime drakes
  An ice devil (Gauntlet)
  A meliai (Lair:6)
  A queen bee (Lair:6)
  4 hornets
  4 polar bears
  3 trolls
  A raiju (Gauntlet)
  Prince Ribbit (D:6)
  A jumping spider (Lair:3)
  A hornet (shapeshifter) (D:13)
  31 blink frogs
  A snapping turtle (Lair:2)
  A shadow (D:13)
  5 hogs (Lair:5)
  57 yaks
  A redback (Lair:3)
  2 wraiths
  11 wyverns
  10 fire bats (Volcano)
  A basilisk (Lair:1)
  5 vampire mosquitoes
  4 steam dragons
  Grum (D:8)
  3 acid dragons
  17 water moccasins
  2 wargs (Orc:2)
  Duvessa (D:4)
  A hell hound (Volcano)
  7 necrophages
  47 orc warriors
  A sky beast (D:7)
  5 ogres
  25 wolves
  5 black bears
  27 centaurs
  A phantom (D:5)
  A kobold brigand (D:10)
  13 bullfrogs
  3 scorpions
  2 wyvern zombies (D:9)
  Dowan (D:4)
  A water moccasin zombie (D:5)
  17 wights
  4 killer bees (Lair:6)
  2 howler monkeys (D:11)
  An electric eel (Lair:2)
  6 lava snakes (Volcano)
  A jelly (D:5)
  3 centaur zombies
  4 hounds
  2 bullfrog skeletons
  12 orc priests
  Crazy Yiuf (D:6)
  2 gnoll shamans
  A centaur skeleton (D:7)
  23 orc wizards
  2 iguanas
  4 hell rats (Lair:2)
  Robin (D:4)
  10 gnolls
  15 adders
  A shadow imp (D:8)
  2 white imps (Gauntlet)
  An ufetubus (D:3)
  2 adder skeletons
  4 dart slugs
  104 orcs
  4 bats
  13 endoplasms
  7 giant cockroaches
  12 goblins
  4 hobgoblins
  5 jackals (D:1)
  5 quokkas
  10 ball pythons
  11 frilled lizards
  7 kobolds
  5 rats
718 creatures vanquished.

Vanquished Creatures (others)
  Maurice (D:10)
  An orc (Bailey)
  42 fungi
  57 plants
101 creatures vanquished.

Grand Total: 819 creatures vanquished

Notes
Turn   | Place    | Note
-------+----------+-------------------------------------------
     0 | D:1      | Johnny the Draconian Ice Elementalist began the quest for
                  | the Orb.
     0 | D:1      | Reached XP level 1. HP: 14/14 MP: 3/3
   279 | D:1      | Found a faded altar of an unknown god.
   351 | D:1      | Reached XP level 2. HP: 18/22 MP: 0/5
   441 | D:1      | Reached skill level 1 in Fighting
  1033 | D:1      | Reached XP level 3. HP: 21/28 MP: 2/6
  1362 | D:2      | Found a glowing silver altar of Zin.
  1428 | D:2      | Reached skill level 2 in Fighting
  1839 | D:2      | Reached XP level 4. HP: 35/36 MP: 8/8
  1848 | D:2      | Learned a level 3 spell: Frozen Ramparts
  1852 | D:2      | Learned a level 3 spell: Ozocubu's Armour
  2314 | D:3      | Found a runed translucent gate.
  2314 | D:3      | Found a runed translucent gate.
  2405 | D:3      | Found a runed translucent gate.
  2410 | D:3      | Noticed NoKap's ghost (novice GnFi)
  2445 | D:3      | Reached XP level 5. HP: 44/44 MP: 3/9
  2591 | D:3      | Reached skill level 3 in Fighting
  2593 | D:3      | Reached skill level 5 in Ice Magic
  2961 | D:3      | Found Faewam's Jewellery Shop.
  3100 | D:3      | Found Ummy's Antique Armour Shop.
  3113 | D:3      | Found Oducysk's Distillery.
  3121 | D:3      | Bought a potion of heal wounds for 70 gold pieces
  3207 | D:4      | Noticed an orc warrior
  3500 | D:4      | Noticed a water moccasin
  3505 | D:4      | Killed a water moccasin
  3506 | D:4      | Reached XP level 6. HP: 31/52 MP: 4/11
  3686 | D:4      | Learned a level 4 spell: Hailstorm
  3820 | D:4      | Killed an orc warrior
  3821 | D:4      | Reached skill level 4 in Fighting
  4169 | D:4      | Your scales start taking on a glossy black colour.
  4169 | D:4      | Reached XP level 7. HP: 60/60 MP: 10/13
  4169 | D:4      | Gained mutation: You are resistant to electric shocks.
                  | (rElec) [Black Draconian growth]
  4203 | D:4      | Noticed Duvessa
  4205 | D:4      | Noticed Dowan
  4215 | D:4      | Killed Duvessa
  4221 | D:4      | Killed Dowan
  4435 | D:4      | Noticed Robin
  4443 | D:4      | Reached skill level 5 in Fighting
  4443 | D:4      | Killed Robin
  4733 | D:4      | Found a broken altar of Ashenzari.
  4971 | D:5      | Entered Level 5 of the Dungeon
  4975 | D:5      | Reached skill level 5 in Spellcasting
  5326 | D:5      | Reached XP level 8. HP: 70/70 MP: 0/15
  5524 | D:5      | Reached skill level 6 in Fighting
  5938 | D:6      | Noticed Prince Ribbit
  5951 | D:6      | Killed Prince Ribbit
  5956 | D:6      | Reached skill level 7 in Fighting
  5976 | D:6      | Reached XP level 9. HP: 59/79 MP: 1/18
  6082 | D:6      | Found a staircase to the Ecumenical Temple.
  6203 | D:6      | Found Tyet's General Store.
  6445 | D:6      | Bought a potion of curing for 42 gold pieces
  6510 | D:6      | Noticed a two-headed ogre
  6520 | D:6      | Killed a two-headed ogre
  6521 | D:6      | Reached skill level 8 in Fighting
  6602 | D:6      | Found a bloodstained altar of Trog.
  6633 | D:6      | Found a glowing drain.
  6642 | Sewer    | Entered a sewer
  7469 | D:6      | Found a runed translucent door.
  7470 | D:6      | Noticed Crazy Yiuf
  7625 | D:6      | Killed Crazy Yiuf
  7635 | D:6      | Identified the +9 mace "Kaexzemn" {flame, rC+ Int+2}
  7719 | Temple   | Entered the Ecumenical Temple
  7803 | Temple   | Became a worshipper of Sif Muna the Loreminder
  8230 | D:7      | Reached skill level 9 in Fighting
  8414 | D:7      | Reached XP level 10. HP: 63/91 MP: 17/21
  8548 | D:7      | Reached * piety under Sif Muna
  9845 | D:8      | Noticed Grum
  9860 | D:8      | Reached skill level 10 in Ice Magic
  9871 | D:8      | Reached ** piety under Sif Muna
  9873 | D:8      | Reached skill level 10 in Fighting
  9878 | D:8      | Killed Grum
 10064 | D:8      | Noticed a two-headed ogre
 10071 | D:8      | Killed a two-headed ogre
 11013 | D:6      | Bought a +0 buckler for 63 gold pieces
 11099 | D:9      | Identified the +0 ring mail "Qempes" {Int+6}
 11379 | D:9      | Found a hide-covered altar of Uskayaw.
 11429 | D:9      | Reached skill level 1 in Invocations
 11513 | D:9      | Noticed a two-headed ogre
 11518 | D:9      | Killed a two-headed ogre
 11519 | D:9      | Reached XP level 11. HP: 101/101 MP: 10/24
 11658 | D:9      | Found a radiant altar of Vehumet.
 11658 | D:9      | Found a white marble altar of Elyvilon.
 11666 | D:9      | Found a faded altar of an unknown god.
 11668 | D:9      | Found an ancient bone altar of Kikubaaqudgha.
 11670 | D:9      | Found a faded altar of an unknown god.
 11678 | D:9      | Identified the +7 mace "Vawkuu" {venom, *Noise rC++ Str+3
                  | Int+4}
 11778 | D:9      | Identified the ring of Touhut {rElec Will+ Int+4}
 12399 | D:10     | Entered Level 10 of the Dungeon
 12435 | D:10     | Noticed Joseph
 12612 | D:10     | Killed Joseph
 12802 | D:10     | Noticed Maurice
 12806 | D:10     | Identified the +9 morningstar of Seud {antimagic, Dex+8
                  | Stlth+}
 12819 | D:10     | Your ally Maurice died
 12820 | D:10     | Reached skill level 11 in Fighting
 12960 | D:10     | Paralysed by a hornet for 1 turns
 13078 | D:10     | Identified a scroll of acquirement
 13082 | D:10     | Acquired the +0 hat of Pathos {rPois Str+4}
 13138 | D:10     | Found a transporter.
 13143 | D:10     | Noticed an orc sorcerer
 13148 | D:10     | Noticed Erica
 13217 | D:10     | Noticed a two-headed ogre
 13221 | D:10     | Found a transporter.
 13407 | D:10     | Found a shimmering altar of Xom.
 13407 | D:10     | Found an ornate altar of the Wu Jian Council.
 13407 | D:10     | Found a burning altar of Makhleb.
 13412 | D:10     | Reached *** piety under Sif Muna
 13518 | D:11     | Noticed a two-headed ogre
 13554 | D:11     | Killed a two-headed ogre
 13562 | D:11     | Noticed a boulder beetle
 13585 | D:11     | Killed a boulder beetle
 13588 | D:11     | Reached skill level 10 in Spellcasting
 14053 | D:11     | Reached skill level 5 in Invocations
 14122 | D:11     | Reached XP level 12. HP: 110/110 MP: 20/26
 14180 | D:11     | Found a portal to a secret trove of treasure.
 14330 | D:11     | Reached skill level 5 in Dodging
 14522 | D:11     | Found a staircase to the Lair.
 14766 | D:11     | Found a basalt altar of Yredelemnul.
 14808 | D:11     | Found a shimmering altar of Xom.
 14808 | D:11     | Found a shimmering altar of Xom.
 14810 | D:11     | Found a shadowy altar of Dithmenos.
 14810 | D:11     | Found an ornate altar of the Wu Jian Council.
 14810 | D:11     | Found a blossoming altar of Fedhas.
 14931 | D:12     | Noticed a stone giant
 14933 | D:12     | Noticed a fire dragon
 14934 | D:12     | Noticed 1994's ghost (journeyman VSNe)
 15140 | D:12     | Reached **** piety under Sif Muna
 15143 | D:12     | Reached skill level 12 in Fighting
 15202 | D:12     | Noticed a two-headed ogre
 15208 | D:12     | Killed a two-headed ogre
 15436 | D:12     | Noticed a two-headed ogre
 15452 | D:12     | Killed a two-headed ogre
 15461 | D:12     | Noticed a four-headed hydra
 15470 | D:12     | Killed a four-headed hydra
 15881 | D:12     | Found a transporter.
 15889 | D:12     | Found a transporter.
 16058 | D:12     | Found a staircase to the Orcish Mines.
 16248 | D:13     | Found a flagged portal.
 16254 | D:13     | Identified the +8 spear "Fositzo" {freeze, Str+2 SInv}
 16258 | Bailey   | Entered a bailey
 17548 | D:13     | Noticed a tengu warrior
 17550 | D:13     | Found a gate to the Vaults.
 17550 | D:13     | Noticed an ironbound preserver
 17570 | D:13     | Killed an ironbound preserver
 17574 | D:13     | Reached skill level 13 in Fighting
 17697 | D:13     | Noticed a five-headed hydra
 17705 | D:13     | Killed a five-headed hydra
 17713 | D:13     | Killed a tengu warrior
 17713 | D:13     | Reached ***** piety under Sif Muna
 18186 | D:13     | Received a gift from Sif Muna
 18187 | D:13     | Reached skill level 5 in Shields
 18187 | D:13     | Reached XP level 13. HP: 105/123 MP: 9/27
 18187 | D:13     | Got Sif Muna's Tome of the Dislocated Glacier {god gift}
 18438 | D:13     | Reached skill level 14 in Fighting
 19155 | Lair:1   | Entered Level 1 of the Lair of Beasts
 19605 | Lair:1   | Found a dark tunnel.
 19615 | Volcano  | Entered a volcano
 19832 | Volcano  | Reached skill level 15 in Fighting
 19932 | Volcano  | Noticed a fire dragon
 20010 | Volcano  | Killed a fire dragon
 20093 | Volcano  | Found a radiant altar of Vehumet.
 21463 | Lair:2   | Found a staircase to the Shoals.
 21628 | Lair:2   | Reached skill level 16 in Fighting
 21768 | Lair:2   | Reached skill level 10 in Shields
 22814 | Lair:2   | Reached skill level 17 in Fighting
 23332 | Lair:3   | Noticed Fannar
 23348 | Lair:3   | Received a gift from Sif Muna
 23369 | Lair:3   | Killed Fannar
 23370 | Lair:3   | Gained mutation: Your large and strong wings let you fly.
                  | [Black Draconian growth]
 23370 | Lair:3   | Reached XP level 14. HP: 41/141 MP: 6/28
 23370 | Lair:3   | Got Sif Muna's Reference Book on Aerial Changing {god gift}
 23783 | Lair:3   | Found a hole to the Spider Nest.
 23883 | Lair:3   | Found a blossoming altar of Fedhas.
 24579 | Lair:4   | Reached skill level 18 in Fighting
 24626 | Lair:4   | Acquired 744 gold pieces
 26704 | Lair:5   | Noticed Sonja
 26713 | Lair:5   | Killed Sonja
 27186 | Lair:6   | Entered Level 6 of the Lair of Beasts
 27370 | Lair:6   | Noticed Nessos
 27381 | Lair:6   | Killed Nessos
 27420 | Lair:6   | Reached skill level 19 in Fighting
 27624 | Lair:6   | Noticed Kirke
 28271 | Lair:5   | Noticed a sphinx
 28275 | Lair:5   | Killed Kirke
 30029 | Lair:6   | Noticed Silenceoftheyaks's ghost (journeyman DDEE)
 30188 | Lair:6   | Found a transporter.
 30188 | Lair:6   | Found a transporter.
 30623 | Lair:6   | Found a runed translucent door.
 30624 | Lair:6   | Found a viscous altar of Jiyva.
 30624 | Lair:6   | Found a staircase to the Slime Pits.
 30625 | Lair:6   | Noticed an acid blob
 30625 | Lair:6   | Noticed an acid blob
 30717 | Lair:6   | Identified the amulet of the Kangaroo {Reflect Harm SH+5}
 30827 | Lair:6   | Reached XP level 15. HP: 118/155 MP: 19/30
 30831 | Lair:6   | Killed Silenceoftheyaks's ghost
 31301 | D:3      | Bought a warped kite shield for 256 gold pieces
 31301 | D:3      | Identified the +0 kite shield "Ybbimury" {Str+4} (You
                  | bought it in a shop on level 3 of the Dungeon)
 31495 | Orc:1    | Entered Level 1 of the Orcish Mines
 31763 | Orc:1    | Received a gift from Sif Muna
 31807 | Orc:1    | Got Sif Muna's Papyrus of the Harmful Volcanoes {god gift}
 32359 | Orc:2    | Entered Level 2 of the Orcish Mines
 32532 | Orc:2    | Reached skill level 15 in Shields
 32927 | Orc:2    | Found Ynaumea's Antique Armour Shop.
 32927 | Orc:2    | Found Naocap's Armour Emporium.
 32929 | Orc:2    | Found Mecissed's Distillery.
 32931 | Orc:2    | Found Ybugh's Jewellery Boutique.
 32938 | Orc:2    | Bought a potion of curing for 42 gold pieces
 32938 | Orc:2    | Bought a potion of heal wounds for 70 gold pieces
 32938 | Orc:2    | Bought a potion of lignification for 42 gold pieces
 32938 | Orc:2    | Bought a potion of flight for 42 gold pieces
 32938 | Orc:2    | Bought a potion of brilliance for 56 gold pieces
 32938 | Orc:2    | Bought a potion of brilliance for 56 gold pieces
 32938 | Orc:2    | Bought a potion of lignification for 42 gold pieces
 32951 | Orc:2    | Found a staircase to the Elven Halls.
 33847 | D:14     | Found a gate leading to a gauntlet.
 33864 | Gauntlet | Entered a Gauntlet
 33864 | Gauntlet | Found a transporter.
 33877 | Gauntlet | Found a transporter.
 33891 | Gauntlet | Found a transporter.
 33896 | Gauntlet | Found a transporter.
 33919 | Gauntlet | Found a transporter.
 33932 | Gauntlet | Found a transporter.
 33941 | Gauntlet | Found a transporter.
 33956 | Gauntlet | Found a transporter.
 33968 | Gauntlet | Found a transporter.
 33980 | Gauntlet | Found a transporter.
 33997 | Gauntlet | Found a transporter.
 34015 | Gauntlet | Found a transporter.
 34017 | Gauntlet | Found a transporter.
 34044 | Gauntlet | Found a transporter.
 34064 | Gauntlet | Found a transporter.
 34142 | Gauntlet | Found a transporter.
 34162 | Gauntlet | Found a transporter.
 34265 | Gauntlet | Found a transporter.
 34437 | Gauntlet | Identified the ring "Heol" {rElec rPois Int+4}
 34437 | Gauntlet | Succumbed to a death drake's foul vapour

Illustrated notes

Levels and vault maps discovered:
D:1:      saegor_arrival_simple_c, layout_rooms,
          shapermc_ecumenical_altar_ellora
D:2:      layout_loops_ring, basic_altar, minmay_pentomino_r2
D:3:      layout_loops_cross, serial_shops, shop, nicolae_square_shop, shop,
          gammafunk_ghost_necromancy
D:4:      black_bear_nest_2, layout_basic, cheibrodos_ashenzari_chains,
          serial_park_tiny_1, minmay_misc_feat_four_crosses,
          minmay_misc_feat_more_columns, uniq_duvessa, uniq_robin
D:5:      layout_basic
D:6:      layout_gridville, mainiacjoe_overflow_tiny_flanked, temple_statues,
          serial_shops, nicolae_lakefront_shop, portal_sewer_entry_d,
          roderic_three_in_a_row, uniq_prince_ribbit1, uniq_crazy_yiuf_cottage
D:7:      layout_basic
D:8:      layout_basic, uniq_grum
D:9:      layout_basic, chequers_temple_overflow_minitemple,
          nicolae_uskayaw_suspiria, minivault_22
D:10:     gammafunk_beogh_shrine, layout_rooms,
          gammafunk_temple_overflow_forgotten, uniq_joseph, uniq_maurice,
          uniq_erica
D:11:     layout_big_octagon, minmay_lair_entry_grove, enter_trove_3,
          doesnt_xom_only_xom
D:12:     layout_stronghold, hiddenorc1_lemuel, gammafunk_ghost_arena
D:13:     layout_loops_cross, skrybe_vaults_entry_preservation, enter_bailey_2
D:14:     layout_loops_corners, ebering_ghost_reflecting_pool, serial_shops,
          nicolae_shop_statue_plus, gauntlet_entry_generic
Temple:   nicolae_temple_figure_eight
Lair:1:   layout_loops_ring, lightli_volcano_entry_magma_tube
Lair:2:   layout_misc_corridors, minmay_shoals_entry_hut, st_stairs_11,
          roderic_carrion_pond, grunt_megastairs_4
Lair:3:   layout_roguey, spider_nest_entry_a, tgw_fedhas, grunt_megastairs_3,
          lemuel_fruit_tree, uniq_fannar
Lair:4:   layout_gridlike, eino_small_chamber_without_monster
Lair:5:   layout_long_grid, grunt_megastairs_1, uniq_sonja
Lair:6:   grunt_lair_end_beastmaster, layout_cave_shapes, slime_altar_2,
          gammafunk_ghost_hive, serial_bayou_crossing, uniq_kirke, uniq_nessos
Orc:1:    layout_caves
Orc:2:    st_orc_rangers, layout_caves
Gauntlet: gammafunk_gauntlet_one_two_three [gammafunk_gauntlet_arena_chambers,
          gammafunk_gauntlet_arena_teeth, gammafunk_gauntlet_arena_arrow_garden,
          nicolae_gauntlet_swirl, nicolae_gauntlet_arena_blocks,
          nicolae_gauntlet_arena_flowing_pool, gammafunk_gauntlet_arena_spirals,
          gammafunk_gauntlet_arena_split_diamond,
          gammafunk_gauntlet_arena_split_x,
          nicolae_gauntlet_exit_dead_adventurers]

Skill      XL: |  1  2  3  4  5  6  7  8  9 10 11 12 13 14 15 |
---------------+----------------------------------------------+-----
Fighting       | 1 2 3 4 5 7 9 10 11 13 17 19 | 19.9
Spellcasting   | 3 4 5 6 7 9 10 11 | 11.4
Ice Magic      | 5 6 7 9 10 11 12 | 12.8
Dodging        | 2 4 6 |  6.1
Invocations    | 1 5 6 |  6.8
Shields        | 5 12 14 15 | 15.2
Stealth        | |  1.7

Action                   |  1- 3 |  4- 6 |  7- 9 | 10-12 | 13-15 || total
-------------------------+-------+-------+-------+-------+-------++-------
Melee: Unarmed           |    67 |       |       |       |       ||    67
       Tailslap          |     8 |     6 |    10 |    37 |    96 ||   157
       Short sword       |    11 |       |       |       |       ||    11
       Long sword        |    26 |    89 |   117 |    73 |       ||   305
       Quarterstaff      |       |       |       |   164 |   563 ||   727
       Mace              |       |       |       |       |    16 ||    16
 Cast: Freeze            |    32 |    20 |    43 |    36 |    31 ||   162
       Frozen Ramparts   |       |     8 |    22 |    43 |    53 ||   126
       Ozocubu's Armour  |       |     2 |    11 |    37 |    54 ||   104
       Hailstorm         |       |       |    18 |    95 |   142 ||   255
Invok: Channel Magic     |       |       |       |     1 |     6 ||     7
 Abil: Breathe Lightning |       |       |     2 |     3 |     4 ||     9
Evoke: Wand              |       |       |     6 |    53 |    13 ||    72
  Use: Scroll            |       |       |       |    13 |    19 ||    32
       Potion            |       |       |       |       |     4 ||     4
 Stab: Sleeping          |     1 |       |     1 |     1 |     2 ||     5
       Distracted        |       |       |       |       |     5 ||     5
       Petrified         |       |       |       |       |    11 ||    11
       Paralysed         |       |       |       |       |     6 ||     6
Armor: Skin              |    43 |    49 |   143 |   222 |   531 ||   988
Dodge: Dodged            |    73 |    98 |   183 |   342 |   922 ||  1618

Table legend: (Time is in decaauts)
 A = Elapsed time spent in this place.
 B = Non-inter-level travel time spent in this place.
 C = Inter-level travel time spent in this place.
 D = Time resting spent in this place.
 E = Time spent auto-exploring this place.
 F = Levels seen in this place.
 G = Mean time per level.
                   A        B        C        D        E       F      G
               +--------+--------+--------+--------+--------+-----+--------+
         Total |  34962 |  33170 |   1792 |   8339 |  19325 |  27 | 1294.9 |
       Dungeon |  17895 |  16646 |   1249 |   3804 |  10158 |  14 | 1278.2 |
        Temple |     99 |     67 |     32 |      0 |     65 |   1 |   99.0 |
          Lair |  11137 |  10704 |    433 |   2281 |   6862 |   6 | 1856.2 |
  Orcish Mines |   2269 |   2192 |     77 |    950 |    838 |   2 | 1134.5 |
         Sewer |    650 |    650 |      0 |     58 |    466 |   1 |  650.0 |
        Bailey |   1294 |   1294 |      0 |    472 |    539 |   1 | 1294.0 |
       Volcano |   1039 |   1039 |      0 |    774 |     21 |   1 | 1039.0 |
      Gauntlet |    576 |    576 |      0 |      0 |    375 |   1 |  576.0 |
               +--------+--------+--------+--------+--------+-----+--------+

Top non-repeatable levels by time:
  Lair:6: 3345 daAuts
  Lair:5: 2173 daAuts
     D:8: 1773 daAuts
  Lair:2: 1773 daAuts
     D:4: 1636 daAuts
    D:13: 1614 daAuts
     D:9: 1541 daAuts
     D:7: 1511 daAuts
     D:6: 1376 daAuts
    D:12: 1368 daAuts
  Lair:3: 1327 daAuts
  Lair:1: 1325 daAuts
    D:10: 1302 daAuts
    D:11: 1298 daAuts
  Bailey: 1294 daAuts
